AoeStats
← HANAMICHI

Hideout

510247095Analyzed
1v1 RM · 2d ago on Sep 30, 2026· 92m 56s· 2 players
Game mode
Random Map
Map size
Tiny (2 player)
Population
200
Speed
Normal
Resources
Standard
Victory
Conquest
Starting age
Dark Age
Ending age
Imperial Age
RankedLock teamsTeams togetherTeam positionsShared explorationLock speedFull tech treeHidden civsTurbo modeCheats
Victory
Defeat
🇲🇽 Magyars · Mexico
1036
+16
🇺🇸 Chinese · United States
1032
-16
jensen0james
0:28 Loom
8:52 Feudal Age
9:27 Double-Bit Axe
9:49 Horse Collar
15:24 Wheelbarrow
20:39 Castle Age
18:42 Gold Mining
18:44 Stone Mining
21:04 Fletching
21:14 Padded Archer Armor
22:29 Hand Cart
22:15 Bodkin Arrow
22:50 Leather Archer Armor
27:12 Ballistics
34:40 Imperial Age
33:09 Bow Saw
33:20 Town Watch
35:13 Town Patrol
35:59 Gold Shaft Mining
35:34 Bracer
37:00 Chemistry
38:14 Conscription
37:32 Elite Chu Ko Nu
41:25 Stone Shaft Mining
42:29 Conscription
49:25 Fortified Wall
49:11 Murder Holes
49:26 Masonry
55:14 Architecture
55:23 Rocketry
55:05 Great Wall
65:37 Ring Archer Armor
65:30 Forging
65:25 Scale Barding Armor
65:32 Light Cavalry
66:23 Bloodlines
66:14 Husbandry
68:05 Iron Casting
68:18 Chain Barding Armor
69:05 Two-Man Saw
70:39 Blast Furnace
71:09 Plate Barding Armor
76:24 Scale Mail Armor
76:34 Pikeman
77:17 Squires
77:02 Arson
77:37 Chain Mail Armor
78:00 Halberdier
79:23 Plate Mail Armor
90:41 Heavy Plow
HANAMICHI
14:43 Feudal Age
19:07 Castle Age
17:49 Scale Barding Armor
17:49 Double-Bit Axe
18:29 Gold Mining
21:19 Horse Collar
22:31 Heavy Plow
26:28 Chain Barding Armor
26:45 Wheelbarrow
27:53 Scale Mail Armor
29:18 Hand Cart
31:33 Bow Saw
34:48 Imperial Age
32:27 Treadmill Crane
33:42 Stone Mining
33:44 Elite Skirmisher
34:16 Fletching
34:58 Padded Archer Armor
36:33 Plate Barding Armor
36:58 Bodkin Arrow
37:57 Bracer
37:53 Loom
38:27 Husbandry
38:55 Bloodlines
40:00 Conscription
39:54 Light Cavalry
41:12 Leather Archer Armor
42:05 Ballistics
42:30 Ring Archer Armor
42:14 Corvinian Army
43:54 Two-Man Saw
44:15 Chemistry
43:59 Town Watch
45:01 Hussar
46:46 Gold Shaft Mining
47:50 Ring Archer Armor
48:57 Chain Mail Armor
49:09 Town Patrol
50:25 Recurve Bow
66:50 Elite Magyar Huszar
69:30 Cavalier
70:54 Crop Rotation
78:32 Murder Holes
78:11 Paladin
Connection lost

Rejoining the realm…

Still unreachable

The connection could not be restored.

Session expired

The server has moved on; the page needs a fresh start.